 Dungeon Crawl Stone Soup version 0.29.0-7-g18a832c13a (webtiles) character file.

Game seed: 7467016190356035847

663 greasedhog the Cudgeller (level 7, -4/44 HPs)
             Began as a Gargoyle Fighter on Sept 1, 2022.
             Was a Follower of Qazlal.
             Slain by an iguana (10 damage)
             ... on level 4 of the Dungeon.
             The game lasted 00:05:24 (4042 turns).

greasedhog the Cudgeller (Gargoyle Fighter)         Turns: 4042, Time: 00:05:25

Health: -4/44      AC: 16    Str: 20    XL:     7   Next: 56%
Magic:  7/7        EV:  7    Int:  8    God:    Qazlal [*.....]
Gold:   112        SH:  7    Dex: 19    Spells: 6/6 levels left

rFire   x . .      SeeInvis .   n - +0 morningstar (vorpal)
rCold   + . .      Faith    .   c - +0 buckler
rNeg    + . .      Spirit   .   a - +0 chain mail
rPois   ∞          Reflect  .   b - +2 hat
rElec   +          Harm     .   (no cloak)
rCorr   .          Rampage  .   (no gloves)
Will    .....                   (no boots)
Stlth   ..........              (no amulet)
HPRegen 0.14/turn               g - +6 ring of dexterity
MPRegen 0.10/turn               e - ring "Iguevag" {Ice Dex+2 Slay+2}

@: mighty
A: sickness immunity, AC +4, negative energy resistance 1, electricity
resistance, torment resistance 1, petrification resistance
a: Renounce Religion


You were on level 4 of the Dungeon.
You worshipped Qazlal.
Qazlal was aware of your devotion.
You visited 2 branches of the dungeon, and saw 6 of its levels.

You collected 142 gold pieces.
You spent 30 gold pieces at shops.

Inventory:

Hand Weapons
 n - a +0 vorpal morningstar (weapon)
Armour
 a - a +0 chain mail (worn)
 b - a +2 hat (worn)
 c - a +0 buckler (worn)
Jewellery
 e - the ring "Iguevag" (right hand) {Ice Dex+2 Slay+2}
   (You found it on level 4 of the Dungeon)

   [ring of ice]

   It enhances your ice magic.
   Dex:       It affects your dexterity (+2).
   Slay:      It affects your accuracy & damage with ranged weapons and melee
   (+2).
   rF:        It makes you vulnerable to fire.
   rC:        It protects you from cold.
 g - a +6 ring of dexterity (left hand)
 h - a ring of ice
Wands
 q - a wand of iceblast (9)
Scrolls
 i - a scroll of enchant weapon
 j - 3 scrolls of teleportation
 k - a scroll of blinking
 m - a scroll of fear
 p - a scroll of vulnerability {unknown}
Potions
 d - a potion of might
 f - 2 potions of curing
 l - a potion of haste {unknown}


   Skills:
 - Level 5.1 Fighting
 * Level 5.9 Maces & Flails
 - Level 5.6 Armour
 * Level 0.8 Dodging
 - Level 3.2 Shields


You had 6 spell levels left.
You didn't know any spells.
Your spell library contained the following spells:

 Spells                   Type           Power      Damage    Failure   Level
 Conjure Flame            Conj/Fire      0%         6-21      100%        3
 Gell's Gravitas          Tloc           0%         N/A       100%        3
 Ignite Poison            Fire/Tmut/Pois 0%         N/A       100%        3
 Lesser Beckoning         Tloc           0%         N/A       100%        3
 Teleport Other           Tloc           0%         N/A       100%        3
 Sticky Flame             Conj/Fire      0%         2d3       100%        4


Dungeon Overview and Level Annotations

Branches:
Dungeon (5/15)             Temple (1/1) D:4

Altars:
Ashenzari
Cheibriados
Dithmenos
Makhleb
Okawaru
Qazlal
Sif Muna
Trog
Vehumet
Wu Jian
Xom
Zin

Shops:
D:3 !


Innate Abilities, Weirdness & Mutations

You are immune to sickness and miasma.
Your stone body is resilient. (AC +4)
You are immune to poison.
You resist negative energy. (rN+)
You are resistant to electric shocks. (rElec)
You are resistant to unholy torment.
You are immune to petrification.


Message History

Qazlal accepts your kill.
You see here a +0 flail.
You start resting.
HP restored.
There is a stone staircase leading down here.
You climb downwards.
The ogre shouts!
The hound barks!
The iguana bites you but does no damage.
You block the iguana's attack.
There is a stone staircase leading up here.
The ogre hits you with a +0 giant spiked club!!
Ouch! That really hurt!
The iguana bites you but does no damage.
The white imp shouts!
You climb upwards.
There is a stone staircase leading down here.
You feel very mighty all of a sudden. You block the iguana's attack.
You thump the ogre!
The ogre is severely wounded.
You block the ogre's attack.
The iguana bites you but does no damage.
You barely miss the ogre.
The ogre is severely wounded.
The iguana bites you but does no damage.
The ogre barely misses you.
You barely miss the ogre.
The ogre is severely wounded.
The iguana bites you but does no damage.
The ogre closely misses you. The iguana bites you.
You closely miss the ogre.
The ogre is severely wounded.
You block the iguana's attack.
The ogre hits you with a +0 giant spiked club!
* * * LOW HITPOINT WARNING * * *
You impale the ogre!!
You kill the ogre!
Qazlal accepts your kill.
You are now surrounded by a storm.
The iguana bites you!
You die...

#.........# ########
#.........# #.......
###.........#
#.....).
†...†.......#
#.......
#####.......#
#....... #.......#
#....... #.......#
###### #.......
#.......# #....#
#....... #.......#
#)@l.# #....... ##
#.......# #.)..#
######## .#
#.......###....# # .#
#####..........# # .#
#..........## #
.##### #...........#
# .....#
#....##.....# #
####.####....####...#
# #.##.'.(..# #...# #


You could see an iguana.

Vanquished Creatures
  Grinder (D:4)
  Sigmund (D:4)
  An ogre (D:4)
  A scorpion (D:4)
  An orc priest (D:5)
  Natasha (twice) (D:4)
  An orc wizard (D:4)
  3 gnolls (D:3)
  5 adders
  A worm (D:3)
  A dart slug (D:4)
  5 orcs
  6 ball pythons
  3 bats
  3 endoplasms
  2 giant cockroaches
  4 goblins
  5 hobgoblins
  4 jackals (D:3)
  9 kobolds
  5 quokkas
  A frilled lizard (D:1)
  3 rats
68 creatures vanquished.

Notes
Turn   | Place    | Note
-------+----------+-------------------------------------------
     0 | D:1      | greasedhog the Gargoyle Fighter began the quest for the
                  | Orb.
     0 | D:1      | Reached XP level 1. HP: 14/14 MP: 1/1
   265 | D:1      | Reached XP level 2. HP: 18/19 MP: 2/2
   853 | D:1      | Reached XP level 3. HP: 24/24 MP: 3/3
  2000 | D:3      | Reached XP level 4. HP: 28/30 MP: 4/4
  2646 | D:3      | Found Ohargherul's Distillery.
  2654 | D:3      | Bought a potion of curing for 30 gold pieces
  2772 | D:4      | Reached XP level 5. HP: 34/34 MP: 5/5
  2777 | D:4      | Identified the ring "Iguevag" {Ice Dex+2 Slay+2}
  2807 | D:4      | Found a staircase to the Ecumenical Temple.
  2809 | D:4      | Noticed Natasha
  2813 | Temple   | Entered the Ecumenical Temple
  2943 | Temple   | Became a worshipper of Qazlal Stormbringer
  2965 | D:4      | Killed Natasha
  2966 | D:4      | Reached skill level 5 in Fighting
  3128 | D:4      | Noticed Grinder
  3152 | D:4      | Paralysed by Grinder for 5 turns
  3157 | D:4      | Killed Grinder
  3158 | D:4      | Reached skill level 5 in Maces & Flails
  3158 | D:4      | Reached XP level 6. HP: 29/40 MP: 6/6
  3277 | D:4      | Found a shimmering blue altar of Sif Muna.
  3454 | D:4      | Noticed Natasha
  3466 | D:4      | Killed Natasha
  3770 | D:4      | Noticed Sigmund
  3779 | D:4      | Killed Sigmund
  3780 | D:4      | Reached skill level 5 in Armour
  3780 | D:4      | Reached XP level 7. HP: 43/44 MP: 7/7
  3940 | D:5      | Entered Level 5 of the Dungeon
  4042 | D:4      | Reached * piety under Qazlal
  4042 | D:4      | Slain by an iguana

Illustrated notes

Levels and vault maps discovered:
D:1:      mrwooster_arrival_arrow, layout_loops_ring, minmay_misc_feat_rows
D:2:      layout_rooms
D:3:      cheibrodos_helix_gallery, layout_loops_ring, serial_shops, shop,
          st_stairs_12
D:4:      layout_basic, amcnicky_altar_gilded, temple_doors_e, uniq_grinder,
          uniq_natasha, uniq_sigmund
D:5:      layout_cave_pools, lemuel_doored_altar, serial_shops,
          nicolae_shop_behind_doors, kennysheep_small_square
Temple:   jpeg_temple_clearing

Skill      XL: |  1  2  3  4  5  6 |
---------------+-------------------+-----
Fighting       | 4 5 |  5.1
Maces & Flails | 3 5 |  5.9
Armour         | 4 5 |  5.6
Dodging        | |  0.8
Shields        | |  3.2

Action                   |  1- 3 |  4- 6 |  7- 9 || total
-------------------------+-------+-------+-------++-------
Melee: Flail             |    96 |       |       ||    96
       Morningstar       |    19 |    76 |    19 ||   114
  Use: Scroll            |     4 |     1 |     1 ||     6
       Potion            |       |     1 |     1 ||     2
Armor: Scale mail        |    48 |       |       ||    48
       Chain mail        |     9 |    54 |    14 ||    77
Dodge: Dodged            |    56 |    24 |     5 ||    85
Block: Buckler           |    27 |    14 |     7 ||    48
